[Event "GambitGuide"]
[Site "Internet Chess Club"]
[Date "2014.10.30"]
[Round "1"]
[White "JSBach"]
[Black "DOXDURAN"]
[Result "1-0"]
[ICCResult "Black checkmated"]
[WhiteElo "1649"]
[BlackElo "1629"]
[Opening "Vienna: `Frankenstein-Dracula' variation"]
[ECO "C27"]
[NIC "VG.02"]
[Time "14:55:23"]
[TimeControl "120+12"]

1. e4 e5 2. Nc3 Nf6 3. Bc4 Nxe4 4. Qh5 Nd6 5. Bb3 Nc6 6. Nb5 g6 7. Qf3 f5 8.
Qd5 Qe7 9. Nxc7+ Kd8 10. Nxa8 b6 11. Ba4 b5 12. Bxb5 Nxb5 13. Qxb5 Qg5 14.
Kf1 Nd4 15. Qa5+ Ke7 16. Qxe5+ Kd8 17. Qxh8 f4 18. Qxf8# {Black checkmated}
1-0

[Event "GambitGuide"]
[Site "Internet Chess Club"]
[Date "2014.10.30"]
[Round "1"]
[White "JSBach"]
[Black "Lyon"]
[Result "1-0"]
[ICCResult "Black resigns"]
[WhiteElo "1649"]
[BlackElo "1400"]
[Opening "Vienna: `Frankenstein-Dracula' variation"]
[ECO "C27"]
[NIC "VG.02"]
[Time "14:55:33"]
[TimeControl "120+12"]

1. e4 e5 2. Nc3 Nf6 3. Bc4 Nxe4 4. Qh5 Nd6 5. Bb3 Nc6 6. Nb5 g6 7. Qf3 f5 8.
Qd5 Qe7 9. Nxc7+ Kd8 10. Nxa8 b6 11. Ba4 Bb7 12. Nxb6 axb6 13. Qb3 Kc7 14.
Ne2 Bg7 15. Nc3 Na5 16. Nd5+ Kd8 17. Qxb6+ {Black resigns} 1-0

[Event "GambitGuide"]
[Site "Internet Chess Club"]
[Date "2014.10.30"]
[Round "1"]
[White "JSBach"]
[Black "MAUDEVAN"]
[Result "1-0"]
[ICCResult "Black checkmated"]
[WhiteElo "1649"]
[BlackElo "1467"]
[Opening "Vienna: `Frankenstein-Dracula' variation"]
[ECO "C27"]
[NIC "VG.02"]
[Time "14:52:31"]
[TimeControl "120+12"]

1. e4 e5 2. Nc3 Nf6 3. Bc4 Nxe4 4. Qh5 Nd6 5. Bb3 Nc6 6. Nb5 g6 7. Qf3 f5 8.
Qd5 Qe7 9. Nxc7+ Kd8 10. Nxa8 b6 11. Ba4 Bb7 12. Nxb6 axb6 13. Qb3 Kc7 14.
Ne2 Bg7 15. Nc3 Nd4 16. Nd5+ Bxd5 17. Qxd5 b5 18. Bb3 Nxb3 19. axb3 Rc8 20.
c4 bxc4 21. bxc4 Kd8 22. c5 Ne4 23. Qg8+ Bf8 24. b4 Ke8 25. O-O Nf6 26. Qc4
Ng4 27. Re1 Qh4 28. Rxe5+ Kd8 29. Qf4 d6 30. cxd6 Bxd6 31. Rd5 Rc6 32. Rxd6+
Rxd6 33. Qxd6+ Ke8 34. Ra8+ Kf7 35. Ra7+ Ke8 36. Qd7+ Kf8 37. Qf7#
{Black checkmated}
1-0

[Event "GambitGuide"]
[Site "Internet Chess Club"]
[Date "2014.10.30"]
[Round "1"]
[White "JSBach"]
[Black "DOXDURAN"]
[Result "1-0"]
[ICCResult "Black resigns"]
[WhiteElo "1649"]
[BlackElo "1629"]
[Opening "Vienna: `Frankenstein-Dracula' variation"]
[ECO "C27"]
[NIC "VG.02"]
[Time "14:56:31"]
[TimeControl "120+12"]

1. e4 e5 2. Nc3 Nf6 3. Bc4 Nxe4 4. Qh5 Nd6 5. Bb3 Nc6 6. Nb5 g6 7. Qf3 f5 8.
Qd5 Qe7 9. Nxc7+ Kd8 10. Nxa8 b6 11. Ba4 Bb7 12. Nxb6 axb6 13. Qb3 b5 14.
Nf3 bxa4 15. Qxa4 e4 16. Nd4 Nxd4 17. Qxd4 Bg7 18. Qb4 Be5 19. O-O Qh4 20.
Qa5+ Ke7 21. Qxe5+ Kf7 22. Qxh8 {Black resigns} 1-0

[Event "GambitGuide"]
[Site "Internet Chess Club"]
[Date "2014.10.30"]
[Round "1"]
[White "JSBach"]
[Black "vajramove"]
[Result "1/2-1/2"]
[ICCResult "Game drawn by repetition"]
[WhiteElo "1649"]
[BlackElo "1620"]
[Opening "Vienna: `Frankenstein-Dracula' variation"]
[ECO "C27"]
[NIC "VG.02"]
[Time "14:54:45"]
[TimeControl "120+12"]

1. e4 e5 2. Nc3 Nf6 3. Bc4 Nxe4 4. Qh5 Nd6 5. Bb3 Nc6 6. Nb5 g6 7. Qf3 f5 8.
Qd5 Qe7 9. Nxc7+ Kd8 10. Nxa8 b6 11. Ba4 Bb7 12. Nxb6 axb6 13. Qb3 Nd4 14.
Qxb6+ Kc8 15. Kf1 Qg5 16. f3 Be7 17. Qc5+ Kd8 18. Qxe5 Nxf3 19. Qxh8+ Kc7
20. Qc3+ Kb8 21. Nxf3 Bxf3 22. Qxf3 Ne4 23. Qb3+ Kc8 24. Qg8+ Kc7 25. d3
Nd2+ 26. Bxd2 Qxd2 27. Qxh7 Qf4+ 28. Ke1 Qe3+ 29. Kd1 Bg5 30. Qxd7+ Kb6 31.
Qc6+ Ka7 32. Qc7+ Ka6 33. Qc6+ Ka7 34. Qd7+ Kb6 35. Qc6+ Ka7 36. Qc7+ Ka6
37. Qc6+ Ka7 38. Qc7+ Ka6 39. Qc6+ Ka7 40. Qd7+ Ka6 41. Qc6+ Ka7 42. Qd7+
Ka6 43. Qc6+ Ka7 44. Qd7+ {Game drawn by repetition} 1/2-1/2

[Event "GambitGuide"]
[Site "Internet Chess Club"]
[Date "2014.10.30"]
[Round "1"]
[White "JSBach"]
[Black "brax380"]
[Result "1-0"]
[ICCResult "Black resigns"]
[WhiteElo "1649"]
[BlackElo "1321"]
[Opening "Vienna: `Frankenstein-Dracula' variation"]
[ECO "C27"]
[NIC "VG.02"]
[Time "14:55:33"]
[TimeControl "120+12"]

1. e4 e5 2. Nc3 Nf6 3. Bc4 Nxe4 4. Qh5 Nd6 5. Bb3 Nc6 6. Nb5 g6 7. Qf3 f5 8.
Qd5 Qe7 9. Nxc7+ Kd8 10. Nxa8 b6 11. Ba4 Nd4 12. f4 Bb7 13. Qxe5 Qxe5+ 14.
fxe5 Nf7 15. e6 Nxe6 16. Nxb6 axb6 17. Nf3 Nc5 18. Bb5 Bh6 19. O-O Re8 20.
Nd4 Ne5 21. Re1 Ng4 22. Ne2 Be4 23. b4 Ne6 24. h3 Ne5 25. d3 Bc6 26. Bxc6
Nxc6 27. Bxh6 Nxb4 28. Be3 b5 29. Bb6+ Kc8 30. Nd4 Rf8 31. Nxe6 dxe6 32. Bc5
Nxc2 33. Bxf8 Nxe1 34. Rxe1 Kd7 35. Re5 {Black resigns} 1-0

[Event "GambitGuide"]
[Site "Internet Chess Club"]
[Date "2014.10.30"]
[Round "1"]
[White "JSBach"]
[Black "SkorpionDefense"]
[Result "1-0"]
[ICCResult "Black resigns"]
[WhiteElo "1649"]
[BlackElo "2253"]
[Opening "Vienna: `Frankenstein-Dracula' variation"]
[ECO "C27"]
[NIC "VG.02"]
[Time "14:52:25"]
[TimeControl "120+12"]

1. e4 e5 2. Nc3 Nf6 3. Bc4 Nxe4 4. Qh5 Nd6 5. Bb3 Nc6 6. Nb5 g6 7. Qf3 f5 8.
Qd5 Qe7 9. Nxc7+ Kd8 10. Nxa8 b6 11. Ba4 Bb7 12. Nxb6 axb6 13. Qb3 Kc7 14.
Ne2 Bh6 15. d3 Bxc1 16. Rxc1 Nd4 17. Qc3+ Kb8 18. Qb4 Nxe2 19. Kxe2 e4 20.
Qxb6 exd3+ 21. Kxd3 Qe4+ 22. Kc3 Rc8+ 23. Kb3 Nc4 24. Qb4 Qd5 25. Rhe1 Na5+
26. Ka3 Nc4+ 27. Kb3 Nd2+ 28. Ka3 Rc4 29. Qe7 d6 30. b3 Qc5+ 31. Kb2 Rxa4
32. Qe8+ Kc7 33. Re7+ Kb6 34. Qxa4 {Black resigns} 1-0

[Event "GambitGuide"]
[Site "Internet Chess Club"]
[Date "2014.10.30"]
[Round "1"]
[White "JSBach"]
[Black "dimokles"]
[Result "1-0"]
[ICCResult "Black resigns"]
[WhiteElo "1649"]
[BlackElo "1594"]
[Opening "Vienna: `Frankenstein-Dracula' variation"]
[ECO "C27"]
[NIC "VG.02"]
[Time "14:53:19"]
[TimeControl "120+12"]

1. e4 e5 2. Nc3 Nf6 3. Bc4 Nxe4 4. Qh5 Nd6 5. Bb3 Nc6 6. Nb5 g6 7. Qf3 f5 8.
Qd5 Qe7 9. Nxc7+ Kd8 10. Nxa8 b6 11. Ba4 Bb7 12. Nxb6 axb6 13. Qb3 Kc7 14.
Ne2 Bg7 15. Nc3 Ra8 16. Nd5+ Kd8 17. Qxb6+ Ke8 18. Nxe7 Kxe7 19. b3 e4 20.
Rb1 Bd4 21. Qc7 Rc8 22. Qxc8 Nxc8 23. Bb2 Bb6 24. a3 Nd8 25. Bc3 d6 26. Bb5
Nc6 27. Bc4 Ne5 28. Bxe5 dxe5 29. Rg1 Nd6 30. a4 Ba5 31. c3 f4 32. Bg8 h6
33. b4 Bc7 34. Bb3 g5 35. a5 Ba6 36. Bd5 Kf6 37. Rc1 Kf5 38. c4 Ne8 39. b5
Bc8 40. b6 Bb8 41. b7 Bd7 42. a6 Nc7 43. Ra1 Nxd5 44. cxd5 Ba7 45. Rb1 Bb8
46. g4+ Kf6 47. Rb4 Ke7 48. Rb6 Kd8 49. Rxh6 Bb5 50. Rh8+ Kc7 51. Rc8+ Kb6
52. Rxb8 Kxa6 53. d6 e3 54. dxe3 fxe3 55. fxe3 {Black resigns} 1-0

[Event "GambitGuide"]
[Site "Internet Chess Club"]
[Date "2014.10.30"]
[Round "1"]
[White "JSBach"]
[Black "SkorpionDefense"]
[Result "1-0"]
[ICCResult "Black resigns"]
[WhiteElo "1649"]
[BlackElo "2253"]
[Opening "Vienna: `Frankenstein-Dracula' variation"]
[ECO "C27"]
[NIC "VG.02"]
[Time "14:58:06"]
[TimeControl "120+12"]

1. e4 e5 2. Nc3 Nf6 3. Bc4 Nxe4 4. Qh5 Nd6 5. Bb3 Nc6 6. Nb5 g6 7. Qf3 f5 8.
Qd5 Qe7 9. Nxc7+ Kd8 10. Nxa8 b6 11. Ba4 Bb7 12. Nxb6 axb6 13. Qb3 Kc7 14.
Nf3 e4 15. Nd4 Nxd4 16. Qc3+ Kb8 17. Qxd4 Bg7 18. Qxb6 Nc4 19. Qb5 Ne5 20.
Bb3 f4 21. d4 exd3 22. Bxf4 d6 23. O-O Rf8 24. Bxe5 Bxe5 25. cxd3 Qg5 26. g3
Qg4 27. Bd5 {Black resigns} 1-0

[Event "GambitGuide"]
[Site "Internet Chess Club"]
[Date "2014.10.30"]
[Round "1"]
[White "JSBach"]
[Black "uncleralph123"]
[Result "1-0"]
[ICCResult "Black resigns"]
[WhiteElo "1649"]
[BlackElo "1400"]
[Opening "Vienna: `Frankenstein-Dracula' variation"]
[ECO "C27"]
[NIC "VG.02"]
[Time "14:53:08"]
[TimeControl "120+12"]

1. e4 e5 2. Nc3 Nf6 3. Bc4 Nxe4 4. Qh5 Nd6 5. Bb3 Nc6 6. Nb5 g6 7. Qf3 f5 8.
Qd5 Qe7 9. Nxc7+ Kd8 10. Nxa8 b6 11. Ba4 Bb7 12. Nxb6 axb6 13. Qb3 Ne4 14.
Qxb6+ Kc8 15. d3 Nc5 16. Bxc6 dxc6 17. Nf3 Qd8 18. Qxd8+ Kxd8 19. Bg5+ Kc7
20. Bf6 Rg8 21. Bxe5+ Bd6 22. d4 Ne4 23. a4 Ba6 24. Bxd6+ Nxd6 25. Kd1 Nc4
26. b3 Nb6 27. Re1 Kd8 28. Ne5 Bb7 29. a5 Nd7 30. a6 Ba8 31. Kd2 Nxe5 32.
dxe5 c5 33. f3 Ke7 34. Ra5 Rc8 35. Ke3 c4 36. b4 Ke6 37. Kd4 g5 38. Rc5 Rc6
39. Rxc6+ Bxc6 40. Kxc4 h5 41. b5 Bd5+ 42. Kd4 f4 43. b6 g4 44. b7
{Black resigns}
1-0

[Event "GambitGuide"]
[Site "Internet Chess Club"]
[Date "2014.10.30"]
[Round "1"]
[White "JSBach"]
[Black "nikenwidiartto"]
[Result "0-1"]
[ICCResult "White checkmated"]
[WhiteElo "1649"]
[BlackElo "1801"]
[Opening "Vienna: `Frankenstein-Dracula' variation"]
[ECO "C27"]
[NIC "VG.02"]
[Time "14:51:37"]
[TimeControl "120+12"]

1. e4 e5 2. Nc3 Nf6 3. Bc4 Nxe4 4. Qh5 Nd6 5. Bb3 Nc6 6. Nb5 g6 7. Qf3 f5 8.
Qd5 Qe7 9. Nxc7+ Kd8 10. Nxa8 b6 11. Ba4 Bb7 12. Nxb6 axb6 13. Qb3 Kc7 14.
Ne2 Qg5 15. O-O Nd4 16. Qc3+ Kb8 17. Qh3 Nxe2+ 18. Kh1 Nf4 19. Qg3 Bxg2+ 20.
Kg1 Ne2+ 21. Kxg2 Nxg3 22. fxg3 Qe7 23. Kg1 Bg7 24. Re1 e4 25. Kf1 h5 26.
Re3 h4 27. Rb3 Kb7 28. Bb5 Nxb5 29. Rxb5 hxg3 30. hxg3 Rh2 31. Kg1 Rh5 32.
Kg2 Be5 33. d3 f4 34. gxf4 Qh4 35. Rxe5 Qh2+ 36. Kf1 Qh1+ 37. Kf2 Rh2+ 38.
Ke3 Qf3+ 39. Kd4 Rh1 40. Rxe4 Kc6 41. Rb1 Qg2 42. Kc3 b5 43. a4 bxa4 44.
Rxa4 d5 45. b4 Qg1 46. b5+ Kb7 47. Rd4 Qe1+ 48. Kb3 Qe6 49. c4 dxc4+ 50.
dxc4 Rxc1 51. Rxc1 Qe3+ 52. Kb4 Qxd4 53. Rf1 Kb6 54. Rf3 Qb2+ 55. Ka4 Qc2+
56. Kb4 Qd2+ 57. Ka4 Qd1+ 58. Rb3 Qd2 59. Rf3 Qa2+ 60. Kb4 Qb2+ 61. Ka4 Kc5
62. Rb3 Qa2+ 63. Ra3 Qxc4+ 64. Ka5 Qxb5# {White checkmated} 0-1

[Event "GambitGuide"]
[Site "Internet Chess Club"]
[Date "2014.10.30"]
[Round "1"]
[White "JSBach"]
[Black "TallTower"]
[Result "1-0"]
[ICCResult "Black resigns"]
[WhiteElo "1649"]
[BlackElo "1641"]
[Opening "Vienna: `Frankenstein-Dracula' variation"]
[ECO "C27"]
[NIC "VG.02"]
[Time "15:00:01"]
[TimeControl "120+12"]

1. e4 e5 2. Nc3 Nf6 3. Bc4 Nxe4 4. Qh5 Nd6 5. Bb3 Nc6 6. Nb5 g6 7. Qf3 f5 8.
Qd5 Qe7 9. Nxc7+ Kd8 10. Nxa8 b6 11. Ba4 Bb7 12. Nxb6 axb6 13. Qb3 Kc7 14.
Ne2 Na5 15. Qg3 Ne4 16. Qh3 Qc5 17. O-O b5 18. Bb3 Ng5 19. Qg3 Be7 20. d4
Qb6 21. Qxe5+ {Black resigns} 1-0

[Event "GambitGuide"]
[Site "Internet Chess Club"]
[Date "2014.10.30"]
[Round "1"]
[White "JSBach"]
[Black "DOXDURAN"]
[Result "1-0"]
[ICCResult "Black resigns"]
[WhiteElo "1649"]
[BlackElo "1629"]
[Opening "Vienna: `Frankenstein-Dracula' variation"]
[ECO "C27"]
[NIC "VG.02"]
[Time "14:58:24"]
[TimeControl "120+12"]

1. e4 e5 2. Nc3 Nf6 3. Bc4 Nxe4 4. Qh5 Nd6 5. Bb3 Nc6 6. Nb5 g6 7. Qf3 f5 8.
Qd5 Qe7 9. Nxc7+ Kd8 10. Nxa8 b6 11. Ba4 b5 12. Bxb5 Nxb5 13. Qxb5 Qg5 14.
Qd5 e4 15. Kf1 Bb7 16. h4 Ba6+ 17. d3 Qg4 18. Bg5+ Kc8 19. Re1 Bb4 20. Re2
exd3 21. cxd3 Nd4 22. f3 Qg3 23. Qxd4 Bd6 24. Qxh8+ Kb7 25. Rh3 {Black
resigns} 1-0

[Event "GambitGuide"]
[Site "Internet Chess Club"]
[Date "2014.10.30"]
[Round "1"]
[White "JSBach"]
[Black "brax380"]
[Result "1-0"]
[ICCResult "Black resigns"]
[WhiteElo "1649"]
[BlackElo "1321"]
[Opening "Vienna: `Frankenstein-Dracula' variation"]
[ECO "C27"]
[NIC "VG.02"]
[Time "14:58:01"]
[TimeControl "120+12"]

1. e4 e5 2. Nc3 Nf6 3. Bc4 Nxe4 4. Qh5 Nd6 5. Bb3 Nc6 6. Nb5 g6 7. Qf3 f5 8.
Qd5 Qe7 9. Nxc7+ Kd8 10. Nxa8 b6 11. Ba4 Nd4 12. f4 exf4+ 13. Kf2 Bg7 14. b3
Bb7 15. Nxb6 Bxd5 16. Nxd5 Qh4+ 17. Kf1 Re8 18. Ba3 Ne4 19. g3 Nxd2+ 20. Kg2
fxg3 21. Nc3 gxh2 22. Rxh2 Qg4+ 23. Kh1 N4f3 24. Rxh7 Rh8 25. Rxh8+ Bxh8 26.
Bd6 Qh4+ 27. Kg2 f4 28. Bxf4 g5 29. Bg3 Qg4 30. Bxd7 Qxd7 31. Nxf3 Nxf3 32.
Rd1 Nh4+ 33. Bxh4 gxh4 34. Rxd7+ Kxd7 35. Nd5 Kd6 36. c4 Be5 37. Kh3 Bg3 38.
Nf6 Kc5 39. Ne4+ Kb4 40. a3+ Kxa3 41. Nxg3 Kxb3 42. c5 Kb4 43. c6 hxg3 44.
c7 g2 45. Kxg2 {Black resigns} 1-0

[Event "GambitGuide"]
[Site "Internet Chess Club"]
[Date "2014.10.30"]
[Round "1"]
[White "JSBach"]
[Black "Prew"]
[Result "0-1"]
[ICCResult "White checkmated"]
[WhiteElo "1649"]
[BlackElo "2004"]
[Opening "Vienna: `Frankenstein-Dracula' variation"]
[ECO "C27"]
[NIC "VG.02"]
[Time "14:57:26"]
[TimeControl "120+12"]

1. e4 e5 2. Nc3 Nf6 3. Bc4 Nxe4 4. Qh5 Nd6 5. Bb3 Nc6 6. Nb5 g6 7. Qf3 f5 8.
Qd5 Qe7 9. Nxc7+ Kd8 10. Nxa8 b6 11. Ba4 Bb7 12. Nxb6 axb6 13. Qb3 Kc7 14.
Ne2 Ne4 15. Qb5 Bg7 16. c4 Ra8 17. O-O Ra5 18. Qb3 Nc5 19. Qh3 Rxa4 20. Nc3
Nd4 21. Nxa4 Nxa4 22. Qxh7 Nc5 23. Qxg6 Nd3 24. h3 Qh4 25. Qxg7 f4 26. Qg4
Qh7 27. h4 Be4 28. Rd1 Bf5 29. Qg5 f3 30. g4 Be6 31. Kh2 Qe4 32. Qe3 Qxg4
33. Qg5 Qh3+ 34. Kg1 Ne2# {White checkmated} 0-1

[Event "GambitGuide"]
[Site "Internet Chess Club"]
[Date "2014.10.30"]
[Round "1"]
[White "JSBach"]
[Black "TallTower"]
[Result "1-0"]
[ICCResult "Black resigns"]
[WhiteElo "1649"]
[BlackElo "1641"]
[Opening "Vienna: `Frankenstein-Dracula' variation"]
[ECO "C27"]
[NIC "VG.02"]
[Time "15:01:16"]
[TimeControl "120+12"]

1. e4 e5 2. Nc3 Nf6 3. Bc4 Nxe4 4. Qh5 Nd6 5. Bb3 Nc6 6. Nb5 g6 7. Qf3 f5 8.
Qd5 Qe7 9. Nxc7+ Kd8 10. Nxa8 b6 11. Ba4 Nd4 12. f4 Ne4 13. fxe5 Qh4+ 14. g3
Nxg3 15. hxg3 Qxg3+ 16. Kf1 Bc5 17. c3 Nf3 18. Qxf3 Qxf3+ 19. Nxf3 Bb7 20.
Nxb6 Bxf3 21. Nxd7 Bxh1 22. Nxc5 {Black resigns} 1-0

[Event "GambitGuide"]
[Site "Internet Chess Club"]
[Date "2014.10.30"]
[Round "1"]
[White "JSBach"]
[Black "DOXDURAN"]
[Result "1-0"]
[ICCResult "Black resigns"]
[WhiteElo "1677"]
[BlackElo "1629"]
[Opening "Vienna: `Frankenstein-Dracula' variation"]
[ECO "C27"]
[NIC "VG.02"]
[Time "15:01:31"]
[TimeControl "120+12"]

1. e4 e5 2. Nc3 Nf6 3. Bc4 Nxe4 4. Qh5 Nd6 5. Bb3 Nc6 6. Nb5 g6 7. Qf3 f5 8.
Qd5 Qe7 9. Nxc7+ Kd8 10. Nxa8 b6 11. Ba4 Bb7 12. Nxb6 axb6 13. Qb3 b5 14.
Nf3 bxa4 15. Qxa4 Bg7 16. O-O Ke8 17. Re1 Kf7 18. d4 e4 19. Qb3+ Qe6 20.
Ng5+ {Black resigns} 1-0

[Event "GambitGuide"]
[Site "Internet Chess Club"]
[Date "2014.10.30"]
[Round "1"]
[White "JSBach"]
[Black "TallTower"]
[Result "1-0"]
[ICCResult "Black resigns"]
[WhiteElo "1677"]
[BlackElo "1641"]
[Opening "Vienna: `Frankenstein-Dracula' variation"]
[ECO "C27"]
[NIC "VG.02"]
[Time "15:02:21"]
[TimeControl "120+12"]

1. e4 e5 2. Nc3 Nf6 3. Bc4 Nxe4 4. Qh5 Nd6 5. Bb3 Nc6 6. Nb5 g6 7. Qf3 f5 8.
Qd5 Qe7 9. Nxc7+ Kd8 10. Nxa8 b6 11. Ba4 Bb7 12. Nxb6 axb6 13. Qb3 Kc7 14.
Ne2 Bg7 15. Nc3 Nd4 16. Nd5+ Bxd5 17. Qxd5 Ra8 18. Qxa8 {Black resigns} 1-0

[Event "GambitGuide"]
[Site "Internet Chess Club"]
[Date "2014.10.30"]
[Round "1"]
[White "JSBach"]
[Black "dimokles"]
[Result "1-0"]
[ICCResult "Black resigns"]
[WhiteElo "1677"]
[BlackElo "1594"]
[Opening "Vienna: `Frankenstein-Dracula' variation"]
[ECO "C27"]
[NIC "VG.02"]
[Time "14:58:21"]
[TimeControl "120+12"]

1. e4 e5 2. Nc3 Nf6 3. Bc4 Nxe4 4. Qh5 Nd6 5. Bb3 Nc6 6. Nb5 g6 7. Qf3 f5 8.
Qd5 Qe7 9. Nxc7+ Kd8 10. Nxa8 b6 11. Ba4 Bb7 12. Nxb6 axb6 13. Qb3 Kc7 14.
Ne2 Qe6 15. Qxe6 dxe6 16. d3 Be7 17. Be3 f4 18. Bd2 b5 19. Bb3 Kd7 20. Bc3
b4 21. Bd2 Nb5 22. c3 bxc3 23. bxc3 Ra8 24. Rb1 Na3 25. Rb2 Ba6 26. Nc1 Na5
27. Ba4+ Kd8 28. Rb6 Bc8 29. Bd1 Kc7 30. Rb2 g5 31. h4 gxh4 32. g3 Bb7 33.
Rh2 fxg3 34. fxg3 hxg3 35. Rxh7 Nc6 36. Bf3 Rg8 37. Bxc6 Kxc6 38. Rxe7 Ba6
39. Rxe6+ Kd7 40. Rxa6 {Black resigns} 1-0

[Event "GambitGuide"]
[Site "Internet Chess Club"]
[Date "2014.10.30"]
[Round "1"]
[White "JSBach"]
[Black "brax380"]
[Result "1-0"]
[ICCResult "Black resigns"]
[WhiteElo "1677"]
[BlackElo "1321"]
[Opening "Vienna: `Frankenstein-Dracula' variation"]
[ECO "C27"]
[NIC "VG.02"]
[Time "15:01:40"]
[TimeControl "120+12"]

1. e4 e5 2. Nc3 Nf6 3. Bc4 Nxe4 4. Qh5 Nd6 5. Bb3 Nc6 6. Nb5 g6 7. Qf3 f5 8.
Qd5 Qe7 9. Nxc7+ Kd8 10. Nxa8 b6 11. Ba4 Nd4 12. f4 exf4+ 13. Kd1 Nc6 14.
Bxc6 dxc6 15. Qd4 Bg7 16. Qa4 Nb5 17. Qxf4 Be5 18. Qf3 Bb7 19. Nxb6 axb6 20.
Qe3 Kc7 21. Nf3 Re8 22. Nxe5 Qxe5 23. Qxe5+ Rxe5 24. Re1 Rxe1+ 25. Kxe1 Nd4
26. Kd1 c5 27. c3 Ne6 28. g3 Ng5 29. d4 c4 30. Bf4+ Kd7 31. Bxg5 {Black
resigns} 1-0

[Event "GambitGuide"]
[Site "Internet Chess Club"]
[Date "2014.10.30"]
[Round "1"]
[White "JSBach"]
[Black "marabu"]
[Result "0-1"]
[ICCResult "White checkmated"]
[WhiteElo "1677"]
[BlackElo "1939"]
[Opening "Vienna: `Frankenstein-Dracula' variation"]
[ECO "C27"]
[NIC "VG.02"]
[Time "15:02:22"]
[TimeControl "120+12"]

1. e4 e5 2. Nc3 Nf6 3. Bc4 Nxe4 4. Qh5 Nd6 5. Bb3 Nc6 6. Nb5 g6 7. Qf3 f5 8.
Qd5 Qe7 9. Nxc7+ Kd8 10. Nxa8 b6 11. Ba4 Bb7 12. Nxb6 axb6 13. Qb3 Kc7 14.
Ne2 Qe6 15. Qxe6 dxe6 16. f3 Bg7 17. Bb3 Kd7 18. c3 Na5 19. Bc2 Rc8 20. d3
Ke7 21. Be3 b5 22. a4 b4 23. Bb6 Nc6 24. Bc5 Kd7 25. Rb1 Ba6 26. O-O bxc3
27. bxc3 Rb8 28. Rbe1 Rb2 29. Bb1 Bh6 30. Rf2 Bd2 31. Ref1 Nb7 32. d4 Be3
33. d5 Bxc5 34. dxc6+ Kxc6 35. Nd4+ Bxd4 36. cxd4 Rxf2 37. Rxf2 exd4 38. Ba2
e5 39. Bf7 e4 40. Rd2 d3 41. Kf2 Nd6 42. Be6 Bc4 43. Bxc4 Nxc4 44. Ke1 Kc5
45. Rd1 Kd4 46. fxe4 fxe4 47. g4 e3 48. g5 e2 49. Rb1 Ke3 50. Rb3 Ne5 51.
Rb7 Nf3# {White checkmated} 0-1

[Event "GambitGuide"]
[Site "Internet Chess Club"]
[Date "2014.10.30"]
[Round "1"]
[White "JSBach"]
[Black "DOXDURAN"]
[Result "1-0"]
[ICCResult "Black resigns"]
[WhiteElo "1672"]
[BlackElo "1629"]
[Opening "Vienna: `Frankenstein-Dracula' variation"]
[ECO "C27"]
[NIC "VG.02"]
[Time "15:03:21"]
[TimeControl "120+12"]

1. e4 e5 2. Nc3 Nf6 3. Bc4 Nxe4 4. Qh5 Nd6 5. Bb3 Nc6 6. Nb5 g6 7. Qf3 f5 8.
Qd5 Qe7 9. Nxc7+ Kd8 10. Nxa8 b6 11. Ba4 Bb7 12. Nxb6 axb6 13. Qb3 b5 14.
Nf3 bxa4 15. Qxa4 Bg7 16. O-O h6 17. Re1 Nf7 18. Qb5 d6 19. Nh4 Qxh4 20.
Qxb7 Ne7 21. g3 Qf6 22. Qb6+ Ke8 23. Qb5+ Kf8 24. Qb8+ {Black resigns} 1-0

[Event "GambitGuide"]
[Site "Internet Chess Club"]
[Date "2014.10.30"]
[Round "1"]
[White "JSBach"]
[Black "Ernie1"]
[Result "1-0"]
[ICCResult "Black resigns"]
[WhiteElo "1672"]
[BlackElo "1392"]
[Opening "Vienna: `Frankenstein-Dracula' variation"]
[ECO "C27"]
[NIC "VG.02"]
[Time "15:02:47"]
[TimeControl "120+12"]

1. e4 e5 2. Nc3 Nf6 3. Bc4 Nxe4 4. Qh5 Nd6 5. Bb3 Nc6 6. Nb5 g6 7. Qf3 f5 8.
Qd5 Qe7 9. Nxc7+ Kd8 10. Nxa8 b6 11. Ba4 Bb7 12. Nxb6 axb6 13. Qb3 Kc7 14.
Ne2 Na5 15. Qh3 Ne4 16. c3 Bg7 17. d4 exd4 18. Bf4+ Be5 19. Bxe5+ Qxe5 20.
cxd4 Qd5 21. Rc1+ Kb8 22. f3 Ng5 23. Qg3+ {Black resigns} 1-0

[Event "GambitGuide"]
[Site "Internet Chess Club"]
[Date "2014.10.30"]
[Round "1"]
[White "JSBach"]
[Black "uncleralph123"]
[Result "1-0"]
[ICCResult "Black resigns"]
[WhiteElo "1672"]
[BlackElo "1400"]
[Opening "Vienna: `Frankenstein-Dracula' variation"]
[ECO "C27"]
[NIC "VG.02"]
[Time "15:01:34"]
[TimeControl "120+12"]

1. e4 e5 2. Nc3 Nf6 3. Bc4 Nxe4 4. Qh5 Nd6 5. Bb3 Nc6 6. Nb5 g6 7. Qf3 f5 8.
Qd5 Qe7 9. Nxc7+ Kd8 10. Nxa8 b6 11. Ba4 b5 12. Bxb5 Qe6 13. Qxe6 dxe6 14.
Bxc6 Bb7 15. Bxb7 Nxb7 16. Nf3 Bd6 17. d4 Kc8 18. dxe5 Be7 19. Bg5 Re8 20.
c3 Kb8 21. O-O-O Kxa8 22. Rd7 Bxg5+ 23. Nxg5 Kb8 24. Nxh7 Nc5 25. Rd4 Ne4
26. f3 Nf2 27. Rf1 {Black resigns} 1-0

[Event "GambitGuide"]
[Site "Internet Chess Club"]
[Date "2014.10.30"]
[Round "1"]
[White "JSBach"]
[Black "brax380"]
[Result "1-0"]
[ICCResult "Black resigns"]
[WhiteElo "1672"]
[BlackElo "1321"]
[Opening "Vienna: `Frankenstein-Dracula' variation"]
[ECO "C27"]
[NIC "VG.02"]
[Time "15:03:36"]
[TimeControl "120+12"]

1. e4 e5 2. Nc3 Nf6 3. Bc4 Nxe4 4. Qh5 Nd6 5. Bb3 Nc6 6. Nb5 g6 7. Qf3 f5 8.
Qd5 Qe7 9. Nxc7+ Kd8 10. Nxa8 b6 11. Ba4 Nd4 12. f4 Bb7 13. Qxe5 Bxa8 14.
Kf1 Qxe5 15. fxe5 Ne4 16. d3 Nc5 17. Be3 Nxa4 18. Bxd4 Bc5 19. Bxc5 bxc5 20.
b3 Nc3 21. a3 Re8 22. Re1 Bd5 23. Kf2 d6 24. Nf3 dxe5 25. Rxe5 Bxf3 26.
Rxe8+ Kxe8 27. Kxf3 Kf7 28. b4 cxb4 29. axb4 Ke6 30. Ra1 Nb5 31. c4 Nd4+ 32.
Kf2 Nc2 33. Ra6+ Ke5 34. b5 Kd4 35. Rxa7 Kxd3 36. b6 Kxc4 37. b7 Nd4 38.
b8=Q Nc6 39. Qf4+ Kb5 40. Rxh7 {Black resigns} 1-0

[Event "GambitGuide"]
[Site "Internet Chess Club"]
[Date "2014.10.30"]
[Round "1"]
[White "JSBach"]
[Black "pokerram"]
[Result "1-0"]
[ICCResult "Black resigns"]
[WhiteElo "1672"]
[BlackElo "1341"]
[Opening "Vienna: `Frankenstein-Dracula' variation"]
[ECO "C27"]
[NIC "VG.02"]
[Time "15:02:45"]
[TimeControl "120+12"]

1. e4 e5 2. Nc3 Nf6 3. Bc4 Nxe4 4. Qh5 Nd6 5. Bb3 Nc6 6. Nb5 g6 7. Qf3 f5 8.
Qd5 Qe7 9. Nxc7+ Kd8 10. Nxa8 b6 11. Ba4 Bb7 12. Nxb6 axb6 13. Qb3 b5 14.
Nf3 bxa4 15. Qxa4 Ne4 16. Qb5 d5 17. Qxd5+ Ke8 18. Qb5 Bg7 19. d3 Nc5 20.
Be3 Ne6 21. c3 f4 22. Bd2 {Black resigns} 1-0

[Event "GambitGuide"]
[Site "Internet Chess Club"]
[Date "2014.10.30"]
[Round "1"]
[White "JSBach"]
[Black "TallTower"]
[Result "0-1"]
[ICCResult "White checkmated"]
[WhiteElo "1672"]
[BlackElo "1641"]
[Opening "Vienna: `Frankenstein-Dracula' variation"]
[ECO "C27"]
[NIC "VG.02"]
[Time "15:03:40"]
[TimeControl "120+12"]

1. e4 e5 2. Nc3 Nf6 3. Bc4 Nxe4 4. Qh5 Nd6 5. Bb3 Nc6 6. Nb5 g6 7. Qf3 f5 8.
Qd5 Qe7 9. Nxc7+ Kd8 10. Nxa8 b6 11. Ba4 Bb7 12. Nxb6 axb6 13. Qb3 Nd4 14.
Qxb6+ Ke8 15. Kf1 Bg7 16. c3 Ne6 17. Bb3 Kf7 18. Ne2 Rb8 19. Bd5 Qf8 20.
Bxe6+ dxe6 21. Qc5 Qd8 22. b4 Ne4 23. Qe3 f4 24. Qa7 Qd3 25. Qxb8 Ba6 26. b5
Bxb5 27. Qc7+ Kg8 28. Qc8+ Kf7 29. Qc7+ Kf6 30. Kg1 Qxe2 31. Qd8+ Kf5 32. h3
Qxf2+ 33. Kh2 Qg3+ 34. Kg1 Bf1 35. Qg5+ Kxg5 36. h4+ Kf6 37. Rh2 Qf2+ 38.
Kh1 Ng3# {White checkmated} 0-1